 Dungeon Crawl Stone Soup version 0.25-a0-403-g49d089a364 (webtiles) character file.

Game seed: 9402265086470028889, levelgen mode: deterministic

30 ChaosChampion the Magician (level 3, -14/24 HPs)
             Began as a Demonspawn Wizard on Jan 9, 2020.
             Engulfed by a cloud of flame (31 damage)
             ... on level 1 of the Dungeon.
             The game lasted 00:05:16 (741 turns).

ChaosChampion the Magician (Demonspawn Wizard)       Turns: 741, Time: 00:05:17

Health: -14/24     AC:  2    Str:  7    XL:     3   Next: 5%
Magic:  2/8        EV: 12    Int: 20    God:
Gold:   16         SH:  0    Dex: 11    Spells: 3/9 levels left

rFire    . . .     SeeInvis .   h - +1 dagger (venom)
rCold    . . .     Gourm    .   (no shield)
rNeg     . . .     Faith    .   a - +0 robe
rPois    .         Spirit   .   b - +0 hat
rElec    .         Reflect  .   (no cloak)
rCorr    .         Harm     .   (no gloves)
MR       .....                  (no boots)
Stlth    +.........             (no amulet)
HPRegen  0.08/turn              (no ring)
MPRegen  0.11/turn              (no ring)

@: no status effects
A: hooves 1
a: no special abilities


You were on level 1 of the Dungeon.
You were not hungry.

You visited 1 branch of the dungeon, and saw 1 of its levels.

You collected 16 gold pieces.

Inventory:

Hand Weapons
 g - a +0 spear
 h - a +1 dagger of venom (weapon)
Armour
 a - a +0 robe (worn)
 b - a +0 hat (worn)
Scrolls
 c - a scroll of blinking
 f - a scroll of remove curse
Potions
 e - a potion of magic {unknown}
Comestibles
 d - 3 rations


   Skills:
 + Level 2.1 Dodging
 - Level 1.7 Stealth
 - Level 0.1 Unarmed Combat
 + Level 3.7 Spellcasting
 * Level 1.2 Conjurations
   Level 1.0 Summonings
 + Level 0.8 Translocations


You had 3 spell levels left.
You knew the following spells:

 Your Spells              Type           Power        Failure   Level  Hunger
a - Magic Dart            Conj           #...         8%          1    None
b - Blink                 Tloc           N/A          14%         2    ##.....
c - Conjure Flame         Conj/Fire      #.......     30%         3    ###....

Your spell library contained the following spells:

 Spells                   Type           Power        Failure   Level  Hunger
 Call Imp                 Summ           #.......     13%         2    ##.....
 Slow                     Hex            #.......     21%         2    ##.....
 Mephitic Cloud           Conj/Pois/Air  #.......     32%         3    ###....


Dungeon Overview and Level Annotations

Branches:
Dungeon (1/15)

Altars:


Innate Abilities, Weirdness & Mutations

You have large cloven feet.


Message History

You resume training Translocations.
Unknown command.
Memorise Conjure Flame, consuming 3 spell levels and leaving 3?
You start memorising the spell.
You continue memorising. x3
You finish memorising.
Spell assigned to 'c'.
Unknown command.
A frilled lizard comes into view.
Found a scroll of remove curse.
Casting: Magic Dart (safe; 8% risk of failure)
Confirm with . or Enter, or press ? or * to list all spells.
You don't know that spell.
Casting: Magic Dart (safe; 8% risk of failure)
Confirm with . or Enter, or press ? or * to list all spells.
The fire begins to smolder!
The frilled lizard hisses angrily.
Casting: Conjure Flame (safe; 30% risk of failure)
Confirm with . or Enter, or press ? or * to list all spells.
The fire ignites!
You are engulfed in blazing flames.
Ouch! That really hurt!
You die...

#.........##...#
†...###..(###### ##..
#..## #...# ..? ####
...# #...# ###.. #..#
#### #...# ##...#
##..# # ##### #....
#...## # ..l #.#..#
### #.# #.##.## ..#
#@# #.##..# #.# #.#
##.###.# #.# ###.#
#..# #.# #.##### #...#
#.## #.# (......
...##...######.####.##
#.####.
#...................#
..###
####...######)####...#
##.... #...#.....)#
#...# ....##
#####.#############


You could see a frilled lizard.

Vanquished Creatures
  3 dart slugs (D:1)
  A giant cockroach (D:1)
  7 goblins (D:1)
  2 hobgoblins (D:1)
  5 bats (D:1)
  3 frilled lizards (D:1)
  A kobold (D:1)
  2 rats (D:1)
24 creatures vanquished.

Notes
Turn   | Place    | Note
-------+----------+-------------------------------------------
     0 | D:1      | ChaosChampion the Demonspawn Wizard began the quest for the
                  | Orb.
     0 | D:1      | Reached XP level 1. HP: 13/13 MP: 4/4
   297 | D:1      | Gained mutation: You have large cloven feet. [demonic
                  | ancestry]
   297 | D:1      | Reached XP level 2. HP: 18/19 MP: 1/6
   674 | D:1      | Reached XP level 3. HP: 13/24 MP: 5/8
   713 | D:1      | Learned a level 2 spell: Blink
   717 | D:1      | Learned a level 3 spell: Conjure Flame
   741 | D:1      | Engulfed by a cloud of flame

Levels and vault maps discovered:
D:1:      dpeg_arrival_orchard, layout_rooms

Skill      XL: |  1 |
---------------+----+-----
Dodging        | 2 |  2.1
Stealth        | |  1.7
Unarmed Combat | |  0.1
Spellcasting   | |  3.7
Conjurations   | |  1.2
Summonings     | |  1.0
Translocations | |  0.8

Action                   || total
-------------------------++-------
Melee: Unarmed           ||    23
       Spear             ||    10
       Dagger            ||    11
       Kick              ||     2
 Cast: Magic Dart        ||    44
       Conjure Flame     ||     2
  Use: Scroll            ||     3
Armor: Robe              ||    18
Dodge: Dodged            ||    32

Table legend:
 A = Non-vault XP
 B = Vault XP
 C = Vault XP percentage of total XP
 D = Non-vault monster count
 E = Vault monster count
 F = Vault count percentage of total count
                 A         B        C        D         E       F
            +---------+---------+-------+---------+---------+-------
      Total |      44 |       0 |   0.0 |      24 |       0 |   0.0
            +---------+---------+-------+---------+---------+-------
        D:1 |      44 |       0 |   0.0 |      24 |       0 |   0.0
            +---------+---------+-------+---------+---------+-------
